 Dungeon Crawl Stone Soup version 0.28.0-53-g5a82cb258f (webtiles) character file.

Game seed: 6671764528209459514

63 enile the Firebug (level 4, -3/27 HPs)
             Began as an Octopode Fire Elementalist on May 30, 2022.
             Was an Initiate of Ashenzari.
             Killed from afar by Natasha (6 damage)
             ... with a magic dart
             ... on level 3 of the Dungeon.
             The game lasted 00:02:44 (2334 turns).

enile the Firebug (Octopode Fire Elementalist)      Turns: 2334, Time: 00:02:44

Health: -3/27      AC:  6    Str:  6 (7)  XL:     4   Next: 10%
Magic:  7/7        EV: 13    Int: 17 (19) God:    Ashenzari [......]
Gold:   62         SH:  0    Dex: 11 (12) Spells: 1/7 levels left

rFire   + + +      SeeInvis .   m - +0 whip (flame)
rCold   x . .      Faith    .   (no shield)
rNeg    . . .      Spirit   .   d - +5 hat of Grace {rF+++ rC- Will- Regen+}
rPois   .          Reflect  .   (no amulet)
rElec   .          Harm     .   (no ring)
rCorr   .          Rampage  .   (no ring)
Will    .....                   (no ring)
Stlth   +++.......              (no ring)
HPRegen 0.09/turn               (no ring)
MPRegen 0.10/turn               (no ring)
                                (no ring)
                                (no ring)

@: slowed, very slow
A: almost no armour, amphibious, 8 rings, camouflage 1, gelatinous body 1,
(nimble swimmer 1), tentacles
a: Renounce Religion


You were on level 3 of the Dungeon.
You worshipped Ashenzari.
Ashenzari was noncommittal.
You visited 1 branch of the dungeon, and saw 3 of its levels.

You collected 62 gold pieces.

Inventory:

Hand Weapons
 a - a +0 short sword
 m - a +0 whip of flaming (weapon)
Armour
 d - the +5 hat of Grace (worn) {rF+++ rC- Will- Regen+}
   (You acquired it on level 3 of the Dungeon)

   rF:        It renders you almost immune to fire.
   rC:        It makes you vulnerable to cold.
   Regen:     It increases your rate of health regeneration.
   Will:      It decreases your willpower.
Scrolls
 b - a scroll of immolation
 c - a scroll of enchant weapon
 e - a scroll of brand weapon {unknown}
 g - a scroll of fear {unknown}
 h - a scroll of silence {unknown}
 j - a scroll of magic mapping {unknown}
 k - a scroll of vulnerability {unknown}
 l - a scroll of teleportation


   Skills:
 - Level 2.0 Dodging
 - Level 2.6 Stealth
 - Level 2.0 Spellcasting
 - Level 1.0 Conjurations
 + Level 4.8 Fire Magic


You had one spell level left.
You knew the following spells:

 Your Spells              Type           Power      Damage    Failure   Level
a - Foxfire               Conj/Fire      44%        2x1d6     6%          1
b - Scorch                Fire           36%        2d6       4%          2
c - Inner Flame           Hex/Fire       10%        N/A       22%         3

Your spell library contained the following spells:

 Spells                   Type           Power      Damage    Failure   Level
 Conjure Flame            Conj/Fire      11%        6-21      17%         3
 Flame Wave               Conj/Fire      11%        2d5       50%         4


Dungeon Overview and Level Annotations

Branches:
Dungeon (3/15)

Altars:
Ashenzari

Annotations:
D:3 Natasha


Innate Abilities, Weirdness & Mutations

You cannot wear most types of armour.
You are amphibious.
You can wear up to eight rings at the same time.
Your skin changes colour to match your surroundings (Stealth+).
Your rubbery body absorbs attacks. (AC +1, EV +1)
((You are camouflaged when in or above water. (Stealth+)))
You have tentacles for arms and can constrict up to eight enemies at once.


Message History

As you read the scroll labelled MUFYUX NIAME, it crumbles to dust.
It is a scroll of identify.
b - a scroll of immolation
As you read the scroll of identify, it crumbles to dust.
c - a scroll of enchant weapon
As you read the scroll of identify, it crumbles to dust.
d - a scroll of acquirement Something appears before you!
d - the +5 hat of Grace {rF+++ rC- Will- Regen+} Natasha misses you.
Natasha casts a spell at you.
Keep equipping yourself?
The magic dart hits you!
You start putting on your armour.
You continue putting on the +5 hat of Grace {rF+++ rC- Will- Regen+}.
Natasha claws you.
You continue putting on the +5 hat of Grace {rF+++ rC- Will- Regen+}.
Natasha claws you but does no damage.
You continue putting on the +5 hat of Grace {rF+++ rC- Will- Regen+}.
Natasha stares at you and mumbles some strange words.
You feel yourself slow down.
You continue putting on the +5 hat of Grace {rF+++ rC- Will- Regen+}.
Natasha closely misses you.
Natasha stares at you and mumbles some strange words.
The magic dart hits you.
You finish putting on the +5 hat of Grace {rF+++ rC- Will- Regen+}.
The hat of Grace cannot attune itself to your injured body.
It was a potion of degeneration.
There was something very wrong with that liquid.
You feel weakened.
You feel dopey.
You feel clumsy.
Natasha casts a spell.
An orc comes into view. It is wielding a +0 mace.
The white imp closely misses you. Natasha closely misses you.
The orc moves out of view.
The white imp gestures at you. The puff of frost hits you!
You feel a terrible chill!
* * * LOW HITPOINT WARNING * * *
Natasha stares at you and mumbles some strange words.
The magic dart hits you.
You die...

#. #.### ##.....
......## #
##.....######....
.......@h........
##.#.#..5####.... #
###...#.#.####....
#.#.)..##.._........
#.........#.#.......
###....##.#.........
#....##.####......
#####†...# ......
#(...# .....


You could see Natasha and a white imp (summoned).

Vanquished Creatures
  An adder (D:2)
  A worm (D:3)
  A dart slug (D:1)
  4 ball pythons (D:2)
  4 endoplasms
  A giant cockroach (D:2)
  A goblin (D:2)
  7 hobgoblins
  9 jackals
  A quokka (D:1)
  4 bats (D:1)
  6 frilled lizards
  2 kobolds
  3 rats (D:2)
45 creatures vanquished.

Vanquished Creatures (collateral kills)
  2 foxfires (D:1)
2 creatures vanquished.

Vanquished Creatures (others)
  103 foxfires
103 creatures vanquished.

Grand Total: 150 creatures vanquished

Notes
Turn   | Place    | Note
-------+----------+-------------------------------------------
     0 | D:1      | enile the Octopode Fire Elementalist began the quest for
                  | the Orb.
     0 | D:1      | Reached XP level 1. HP: 11/11 MP: 3/3
   257 | D:1      | Reached XP level 2. HP: 17/17 MP: 0/5
   315 | D:1      | Learned a level 2 spell: Scorch
   783 | D:1      | Reached skill level 4 in Fire Magic
  1080 | D:2      | Reached XP level 3. HP: 11/21 MP: 1/6
  2127 | D:2      | Learned a level 3 spell: Inner Flame
  2161 | D:3      | Reached XP level 4. HP: 20/27 MP: 0/7
  2306 | D:3      | Found a broken altar of Ashenzari.
  2314 | D:3      | Noticed Natasha
  2317 | D:3      | Became a worshipper of Ashenzari the Shackled
  2324 | D:3      | Identified a scroll of acquirement
  2325 | D:3      | Acquired the +5 hat of Grace {rF+++ rC- Will- Regen+}
  2334 | D:3      | Killed from afar by Natasha

Illustrated notes

Levels and vault maps discovered:
D:1:      shiori_arrival_oz, layout_rooms, serial_forest,
          infiniplex_forest_straight_3, infiniplex_forest_lined_1,
          infiniplex_forest_lined_3, infiniplex_forest_clump_cross,
          infiniplex_forest_clump_small, infiniplex_forest_clump_medium
D:2:      layout_loops_ring
D:3:      layout_basic, ashenzari_altar_1, jmf_multi_god_temple2,
          dreamdust_ecumenical_altar_sealed_demon, uniq_natasha

Skill      XL: |  1  2 |
---------------+-------+-----
Fire Magic     | 4 |  4.8
Dodging        | |  2.0
Stealth        | |  2.6
Spellcasting   | |  2.0
Conjurations   | |  1.0

Action                   |  1- 3 |  4- 6 || total
-------------------------+-------+-------++-------
Melee: Unarmed           |     2 |       ||     2
       Tentacles         |     4 |       ||     4
       Short sword       |    13 |       ||    13
       Constrict         |     5 |       ||     5
 Cast: Foxfire           |    59 |     5 ||    64
       Scorch            |     8 |     1 ||     9
  Use: Scroll            |     1 |     4 ||     5
       Potion            |       |     1 ||     1
Armor: Skin              |       |     1 ||     1
Dodge: Dodged            |    19 |     4 ||    23
